 Dungeon Crawl Stone Soup version 0.21.1-1-g345015f (webtiles) character file.

101 mrmercer the Skirmisher (level 4, 0/36 HPs)
             Began as a Demonspawn Berserker on July 1, 2018.
             Was a Believer of Trog.
             Slain by Recruiting's ghost (10 damage)
             ... on level 3 of the Dungeon.
             The game lasted 00:13:37 (1817 turns).

mrmercer the Skirmisher (Demonspawn Berserker)      Turns: 1817, Time: 00:13:38

Health: 0/36       AC: 14    Str: 18    XL:     4   Next: 48%
Magic:  4/4        EV:  6    Int:  9    God:    Trog [**....]
Gold:   45         SH: 11    Dex: 12    Spells: 3/3 levels left

rFire    . . .     SeeInvis +   l - +1 flail (protect)
rCold    . . .     Gourm    .   n - +0 large shield
rNeg     . . .     Faith    .   g - +0 ring mail (curse)
rPois    .         Spirit   .   j - +1 hat {SInv}
rElec    .         Reflect  .   (no cloak)
rCorr    .         Harm     .   (no gloves)
MR       .....     Rnd*Tele +   f - +0 pair of boots
Stlth    +.........             (no amulet)
HPRegen  0.12/turn              h - ring of teleportation (curse)
MPRegen  0.09/turn              (no ring)

@: protection aura, very slightly contaminated, invisible
A: demonic guardian 1
a: Berserk, Trog's Hand, Burn Spellbooks, Renounce Religion


You were on level 3 of the Dungeon.
You worshipped Trog.
Trog was pleased with you.
You were not hungry.

You visited 1 branch of the dungeon, and saw 3 of its levels.

You collected 45 gold pieces.

Inventory:

Hand Weapons
 a - a +0 falchion
 l - a +1 flail of protection (weapon)
 p - a +0 falchion
Armour
 b - a +0 animal skin
 e - a +0 buckler
 f - a +0 pair of boots (worn)
 g - a cursed +0 ring mail (worn)
 i - a cursed -1 chain mail
 j - a +1 hat of see invisible (worn)
 k - a +0 leather armour
 m - a +0 scale mail
 n - a +0 large shield (worn)
 q - a +0 ring mail
 r - a +0 leather armour
 s - a +0 ring mail
Jewellery
 h - a cursed ring of teleportation (left hand)
Potions
 d - a potion of mutation
 o - a potion of invisibility
Comestibles
 c - 2 rations


   Skills:
 + Level 3.6 Fighting
 + Level 3.2 Long Blades
 + Level 1.3 Maces & Flails
 + Level 2.1 Armour
 + Level 2.5 Dodging
 + Level 0.5 Stealth
 + Level 0.4 Shields


You had 3 spell levels left.
You didn't know any spells.

Dungeon Overview and Level Annotations

Branches:
Dungeon (3/15)

Altars:
Cheibriados
Trog
Uskayaw
Yredelemnul

Annotations:
D:3 Recruiting's ghost, amateur MiBe


Innate Abilities, Weirdness & Mutations

A weak demonic guardian rushes to your aid.


Message History

* * * LOW HITPOINT WARNING * * *
Your ufetubus closely misses Recruiting's ghost.
Your ufetubus barely misses Recruiting's ghost.
It was a potion of invisibility.
You fade into invisibility!
Your ufetubus disappears in a puff of smoke!
You block Recruiting's ghost's attack.
You are very lightly contaminated with residual magic.
Your shield prevents you from hitting Recruiting's ghost.
Recruiting's ghost is heavily damaged.
You block Recruiting's ghost's attack. Recruiting's ghost barely misses you.
Your shield prevents you from hitting Recruiting's ghost.
Recruiting's ghost is moderately damaged.
Recruiting's ghost screams in joy, "As in life, so in death: Kill!
Kill!!
Kill!!!"
You block Recruiting's ghost's attack.
You sock Recruiting's ghost!
Your weapon exudes an aura of protection.
Recruiting's ghost is heavily damaged.
You block Recruiting's ghost's attack. Recruiting's ghost hits you!
You die...

# ##########
.##
#........#
...
#........#
#.##......(.#
#.........†.#
#...........#
#....5......#
#....@......#
#####W#######
.... ##....
+....# #....#
......
...###.


You could see Recruiting's ghost and a friendly white imp.

Vanquished Creatures
  3 adders
  A shadow imp (D:2)
  3 dart slugs
  2 leopard geckos (D:2)
  An orc (D:3)
  2 giant cockroaches (D:1)
  4 goblins
  8 hobgoblins
  7 jackals (D:1)
  4 kobolds
  A quokka (D:2)
  9 bats
  5 frilled lizards
  5 rats
55 creatures vanquished.

Notes
Turn   | Place    | Note
-------+----------+-------------------------------------------
     0 | D:1      | mrmercer the Demonspawn Berserker began the quest for the Orb.
     0 | D:1      | Reached XP level 1. HP: 18/18 MP: 1/1
   398 | D:1      | Gained mutation: A weak demonic guardian rushes to your aid. [demonic ancestry]
   398 | D:1      | Reached XP level 2. HP: 21/24 MP: 2/2
   888 | D:1      | Reached XP level 3. HP: 22/29 MP: 3/3
  1178 | D:2      | Reached ** piety under Trog
  1250 | D:2      | Found a hide-covered altar of Uskayaw.
  1251 | D:2      | Found a bloodstained altar of Trog.
  1275 | D:2      | Found a snail-covered altar of Cheibriados.
  1277 | D:2      | Found a basalt altar of Yredelemnul.
  1409 | D:2      | Reached XP level 4. HP: 30/35 MP: 4/4
  1571 | D:2      | Reached skill level 1 in Maces & Flails
  1795 | D:3      | Noticed Recruiting's ghost (amateur MiBe)
  1817 | D:3      | Slain by Recruiting's ghost

Skill      XL: |  1  2  3  4 |
---------------+-------------+-----
Long Blades    | 3 |  3.2
Dodging        | 2 |  2.5
Armour         | 2 |  2.1
Maces & Flails | 1 |  1.3
Fighting       | |  3.6
Stealth        | |  0.5
Shields        | |  0.4

Action                   |  1- 3 |  4- 6 || total
-------------------------+-------+-------++-------
Melee: Falchion          |    86 |       ||    86
       Flail             |    38 |    53 ||    91
  Use: Scroll            |     3 |     1 ||     4
       Potion            |       |     1 ||     1
 Stab: Distracted        |     1 |       ||     1
  Eat: Ration            |     1 |       ||     1
Armor: Animal skin       |    25 |       ||    25
       Ring mail         |    35 |    35 ||    70
Dodge: Dodged            |    95 |    15 ||   110
Block: Buckler           |    17 |       ||    17
       Large shield      |    15 |    41 ||    56
       Rpst.: Falchion   |    21 |       ||    21
